 Dungeon Crawl Stone Soup version 0.20.0-15-g7f486f2 (webtiles) character file.

467 Mesmaeker13 the Slasher (level 6, -5/56 HPs)
             Began as a Minotaur Gladiator on June 11, 2017.
             Slain by Menkaure (11 damage)
             ... on level 4 of the Dungeon.
             The game lasted 00:04:49 (2616 turns).

Mesmaeker13 the Slasher (Minotaur Gladiator)        Turns: 2616, Time: 00:04:50

Health: -5/56      AC: 10    Str: 18    XL:     6   Next: 81%
Magic:  5/5        EV:  8    Int:  6    God:
Gold:   203        SH:  0    Dex: 13    Spells: 5/5 levels left

rFire    . . .     SeeInvis .   a - +1 long sword
rCold    . . .     Gourm    .   (no shield)
rNeg     . . .     Faith    .   e - +0 chain mail
rPois    .         Spirit   .   c - +0 hat
rElec    .         Reflect  .   z - +0 cloak
rCorr    .         Harm     .   (no gloves)
MR       .....                  (no boots)
Stlth    ..........             (no amulet)
Regen    0.2/turn               n - ring of flight
MPRegen  0.1/turn               (no ring)

@: no status effects
A: retaliatory headbutt, horns 2
a: Evoke Flight


You were on level 4 of the Dungeon.
You were not hungry.

You visited 1 branch of the dungeon, and saw 4 of its levels.

You collected 203 gold pieces.

Inventory:

Hand Weapons
 a - a +1 long sword (weapon)
Armour
 c - a +0 hat (worn)
 e - a +0 chain mail (worn)
 z - a +0 cloak (worn)
Jewellery
 n - a ring of flight (left hand)
Scrolls
 g - a scroll of fog {unknown}
 h - a scroll of identify {unknown}
 i - a scroll of remove curse {unknown}
 j - a scroll of enchant weapon
 m - a scroll of immolation {unknown}
 r - a scroll of magic mapping
 t - a scroll of enchant armour {unknown}
 w - a scroll of blinking {unknown}
 x - a scroll of noise {unknown}
 y - a scroll of teleportation {unknown}
Potions
 b - a potion of heal wounds {unknown}
 k - a potion of mutation {unknown}
 o - a potion of curing {unknown}
 s - 2 potions of agility {unknown}
 v - 2 potions of resistance {unknown}
Comestibles
 f - a bread ration
 l - 2 meat rations
 p - 3 fruits
 q - 2 chunks of flesh
 u - a royal jelly


   Skills:
 + Level 5.5 Fighting
 + Level 6.1 Long Blades
 - Level 2.0 Throwing
 + Level 4.6 Armour
 - Level 3.2 Dodging


You had 5 spell levels left.
You didn't know any spells.

Dungeon Overview and Level Annotations

Branches:
Dungeon (4/15)
 Temple: D:4-7

Altars:
Makhleb
Trog

Annotations:
D:4 Menkaure


Innate Abilities, Weirdness & Mutations

You reflexively headbutt those who attack you in melee.
You have a pair of horns on your head.


Message History

Menkaure struggles against the net.
You hit Menkaure but do no damage.
Menkaure is heavily damaged.
Menkaure gestures at you while chanting.
You barely resist.
Menkaure struggles against the net.
You hit Menkaure but do no damage.
Menkaure is heavily damaged.
Menkaure struggles against the net.
You hit Menkaure.
Menkaure is severely damaged.
Menkaure struggles against the net.
You catch the helpless Menkaure completely off-guard!
You hit Menkaure but do no damage.
Menkaure is severely damaged.
Menkaure struggles against the net.
The net rips apart, and Menkaure comes free!
You hit Menkaure.
Menkaure is almost destroyed.
Menkaure hits you!
You die...

******** ,,,,,,,* ,,,,,,,* ******
,,,,,,,* *,,,,, .......# *,,,,,
.......# ###### *,,,,, .......##
#####.Mr.#* ****,* ...._...#
##....@#*,,* *,*
........###..#####**,* ***,*
.........##.### *,*** **,,,*
....⌠.....#...# *,,,* *,,*,*
..............#### ***,* **,**,*
.........#..#....####*,** *,,**,*
...._...............#*,,***,***,,
##................#..,,,,,,,**,,,
##...###..........#,,,,,,,,,*,,,,


You could see Menkaure and a quokka.

Vanquished Creatures
  Sigmund (D:3)
  A jelly (D:3)
  An orc wizard (D:3)
  A centaur skeleton (D:4)
  A worker ant (D:4)
  8 adders
  3 oozes
  An adder skeleton (D:4)
  A worm (D:3)
  A dart slug (D:3)
  18 orcs (D:3)
  3 ball pythons
  9 giant cockroaches (D:2)
  4 goblins
  8 hobgoblins
  6 jackals
  10 bats
  2 frilled lizards (D:1)
  3 kobolds
  A leopard gecko skeleton (D:4)
  6 rats
89 creatures vanquished.

Notes
Turn   | Place    | Note
-------+----------+-------------------------------------------
     0 | D:1      | Mesmaeker13 the Minotaur Gladiator began the quest for the Orb.
     0 | D:1      | Reached XP level 1. HP: 18/18 MP: 0/0
    64 | D:1      | Reached XP level 2. HP: 24/26 MP: 1/1
   311 | D:1      | Reached skill level 1 in Armour
   498 | D:1      | You fall through a shaft!
   651 | D:2      | Reached skill level 4 in Long Blades
   651 | D:2      | Reached XP level 3. HP: 31/31 MP: 2/2
  1141 | D:2      | Reached XP level 4. HP: 35/40 MP: 3/3
  1484 | D:3      | Reached XP level 5. HP: 45/46 MP: 4/4
  1501 | D:3      | Noticed Sigmund
  1528 | D:3      | Killed Sigmund
  1528 | D:3      | Reached skill level 5 in Fighting
  1528 | D:3      | Reached skill level 5 in Long Blades
  1528 | D:3      | Reached XP level 6. HP: 12/56 MP: 5/5
  2530 | D:4      | Found a burning altar of Makhleb.
  2536 | D:4      | Found a bloodstained altar of Trog.
  2573 | D:4      | Reached skill level 6 in Long Blades
  2602 | D:4      | Noticed Menkaure
  2616 | D:4      | Slain by Menkaure

Skill      XL: |  1  2  3  4  5  6 |
---------------+-------------------+-----
Fighting       | 3 4 5 |  5.5
Armour         | 1 2 3 4 |  4.6
Long Blades    | 4 5 6 |  6.1
Throwing       | |  2.0
Dodging        | |  3.2

Action                   |  1- 3 |  4- 6 || total
-------------------------+-------+-------++-------
Melee: Long sword        |    68 |   149 ||   217
       Headbutt          |    11 |    28 ||    39
Throw: Throwing net      |     2 |     5 ||     7
  Use: Scroll            |       |     2 ||     2
 Stab: Held in net/web   |       |     1 ||     1
  Eat: Chunk             |     1 |     5 ||     6
Armor: Chain mail        |    47 |    75 ||   122
       Leather armour    |     1 |       ||     1
Dodge: Dodged            |    28 |    59 ||    87
       Rpst.: Long sword |     8 |    13 ||    21
